AoeStats
← [ KOF ] M. Kowalski

Nomad

503182373Analyzed
3v3 RM · 1mo ago on Aug 30, 2026· 64m 31s· 6 players
Game mode
Random Map
Map size
210×210
Population
200
Speed
Normal
Resources
Standard
Victory
Conquest
Starting age
Dark Age
Ending age
Imperial Age
RankedLock teamsTeams togetherTeam positionsShared explorationLock speedFull tech treeHidden civsTurbo modeCheats
Victory
Defeat
🇪🇸 Romans · Spain
1394
+15
🇪🇸 Bengalis · Spain
1367
+16
🇦🇷 Saracens · Argentina
1317
+18
🇲🇽 Lithuanians · Mexico
1441
-20
🇦🇷 Italians · Argentina
1373
-17
🇦🇷 Cumans · Argentina
1299
-13
KOF Itachi
3:20 Loom
13:38 Feudal Age
14:11 Fishing Lines
14:18 Double-Bit Axe
19:03 Castle Age
18:08 Fletching
18:07 Town Watch
21:29 Gillnets
23:52 Medium Warships
24:22 Bow Saw
23:49 Demolition Ship
25:30 Sanctity
25:39 Clinker Construction
25:41 Careening
27:32 Heated Shot
28:11 Scale Barding Armor
30:22 Husbandry
30:34 Bloodlines
30:47 Hill Forts
36:28 Imperial Age
37:33 Conscription
37:52 Hoardings
38:45 Chain Barding Armor
39:34 Cavalier
42:23 Plate Barding Armor
41:59 Forging
42:29 Murder Holes
42:45 Masonry
[ KOF ] M. Kowalski
6:37 Loom
14:36 Feudal Age
18:40 Castle Age
17:29 Stone Mining
18:04 Town Watch
21:39 Double-Bit Axe
25:04 Fletching
26:44 Ballistics
31:03 Horse Collar
35:00 Bodkin Arrow
35:19 Gold Mining
40:35 Imperial Age
38:42 Wheelbarrow
43:15 Chemistry
42:26 Masonry
42:36 Bracer
43:03 Padded Archer Armor
43:49 Scale Barding Armor
45:13 Bloodlines
45:04 Husbandry
46:31 Elite Genoese Crossbowman
47:49 Hoardings
47:44 Chain Barding Armor
47:35 Forging
47:11 Cavalier
49:04 Conscription
52:45 Leather Archer Armor
55:17 Hand Cart
58:59 Scale Mail Armor
59:34 Iron Casting
59:28 Bow Saw
59:05 Arson
59:21 Squires
61:22 Chain Mail Armor
62:07 Blast Furnace
62:34 Plate Mail Armor
62:19 Pikeman
Homero Thomson
5:19 Loom
13:12 Feudal Age
15:40 Fletching
21:26 Horse Collar
26:56 Gold Mining
GipsyDanger
4:02 Loom
12:54 Feudal Age
15:42 Fletching
19:12 Double-Bit Axe
25:19 Castle Age
23:28 Fishing Lines
26:21 Bow Saw
26:56 Gillnets
36:31 Wheelbarrow
35:42 Horse Collar
38:30 Hand Cart
38:00 Town Watch
44:00 Imperial Age
41:17 Town Watch
42:44 Ballistics
42:16 Guard Tower
44:29 Town Patrol
44:04 Heavy Scorpion
46:08 Conscription
47:03 Chemistry
46:16 Capped Ram
48:08 Heavy Plow
48:00 Gold Mining
48:02 Stone Mining
48:11 Bodkin Arrow
47:59 Siege Ram
51:01 Siege Engineers
55:29 Masonry
58:59 Architecture
dardo
4:31 Loom
13:03 Feudal Age
14:07 Town Watch
17:00 Castle Age
15:26 Stone Mining
19:45 Double-Bit Axe
21:05 Fletching
22:33 Forging
25:42 Padded Archer Armor
27:28 Bow Saw
32:04 Iron Casting
33:22 Leather Archer Armor
34:03 Wheelbarrow
33:11 Horse Collar
33:22 Gold Mining
34:37 Bloodlines
34:28 Husbandry
40:01 Imperial Age
40:41 Hand Cart
41:15 Conscription
41:28 Ring Archer Armor
41:59 Blast Furnace
42:05 Elite Ratha (Ranged)
47:49 Gold Shaft Mining
48:15 Two-Man Saw
49:32 Chemistry
50:48 Scale Barding Armor
54:01 Bodkin Arrow
54:44 Bracer
55:07 Ballistics
57:25 Masonry
57:18 Scale Mail Armor
57:39 Chain Barding Armor
57:53 Coinage
57:33 Guilds
57:42 Treadmill Crane
59:21 Town Patrol
59:38 Chain Mail Armor
59:59 Plate Barding Armor
59:58 Banking
59:19 Gambesons
60:32 Paiks
61:03 Heavy Plow
64:26 Crop Rotation
64:28 Architecture
64:22 Mahayana
64:13 Siege Engineers
63:30 Pikeman
65:11 Squires
NoCry
5:26 Loom
13:39 Feudal Age
14:55 Double-Bit Axe
19:34 Castle Age
18:09 Fletching
18:26 Gold Mining
22:18 Medium Warships
27:51 Bodkin Arrow
54:23 Bow Saw
56:24 Town Watch
57:18 Wheelbarrow
60:33 Imperial Age
60:54 Hand Cart
60:40 Town Patrol
60:57 Town Patrol
Connection lost

Rejoining the realm…

Still unreachable

The connection could not be restored.

Session expired

The server has moved on; the page needs a fresh start.